TOP OF THE 1ST |
El Paso Chihuahuas batting - Pitching for Gwinnett Braves : RHP Chris Thompson
|
Pitching: RHP Chris Thompson
|
|
Batting: SHB Chris Haugen
|
0-0: Ball 1-0: Swinging Strike 1-1: Fly out, F9 (Flyball, 9LD, EV 100.6 MPH)
|
Batting: RHB Ryan Flynn
|
0-0: Ball 1-0: Called Strike 1-1: Called Strike 1-2: Ground out 6-3 (Groundball, 6S, EV 84.4 MPH)
|
Batting: LHB Ryan Flynn Jr.
|
0-0: Fly out, F7 (Flyball, 7, EV 95.6 MPH)
|
Top of the 1st over - 0 runs, 0 hits, 0 errors, 0 left on base; El Paso 0 - Gwinnett 0 |
BOTTOM OF THE 1ST |
Gwinnett Braves batting - Pitching for El Paso Chihuahuas : LHP Brian Gregory
|
Pitching: LHP Brian Gregory
|
|
Batting: LHB Ricky Ayon
|
0-0: Called Strike 0-1: Called Strike 0-2: Foul Ball, location: 2F 0-2: Foul Ball, location: 2F 0-2: SINGLE (Line Drive, 6D, EV 99.4 MPH)
|
Batting: RHB Francisco Hernandez
|
0-0: Ball 1-0: Ball 2-0: Ball 3-0: Base on Balls Ricky Ayon to second
|
Batting: RHB Ian Sousa
|
0-0: Ball 1-0: Ball 2-0: Ball 3-0: Foul Ball, location: 2F 3-1: Called Strike 3-2: Foul Ball, location: 2F 3-2: Base on Balls Ricky Ayon to third Francisco Hernandez to second
|
Batting: RHB Jake Lang
|
0-0: Called Strike 0-1: Called Strike 0-2: Ball 1-2: Foul Ball, location: 2F 1-2: Foul Ball, location: 2F 1-2: Foul Ball, location: 2F 1-2: Ball 2-2: Fly out, F7 (Flyball, 78S, EV 86.9 MPH) Runner from 3rd tags up, SCORES, throw by LF Francisco Hernandez to third
|
Batting: RHB Luis Revilla
|
0-0: Swinging Strike 0-1: Called Strike 0-2: Ball 1-2: Ball 2-2: Fly out, F8 (Flyball, 8RM, EV 90.0 MPH) Runner from 3rd tags up, SCORES, no throw by CF
|
Batting: RHB Jesse Lester
|
0-0: Ball 1-0: Ball 2-0: Called Strike 2-1: Called Strike 2-2: Foul Ball, location: 2F 2-2: Ball 3-2: Base on Balls Ian Sousa to second
|
Batting: RHB Alex Munoz
|
0-0: Called Strike 0-1: DOUBLE (Line Drive, 78D, EV 106.9 MPH) Ian Sousa scores Jesse Lester to third
|
Batting: SHB Tim Rodgers
|
0-0: Called Strike 0-1: DOUBLE (Line Drive, 9LM, EV 95.0 MPH) Jesse Lester scores Alex Munoz scores
|
Batting: RHB T.J. Jordan
|
0-0: Ball 1-0: Ball 2-0: Ball 3-0: Called Strike 3-1: Base on Balls
|
Pitching: LHP Jon Zaragoza
|
|
Batting: LHB Ricky Ayon
|
0-0: Ball 1-0: Foul Ball, location: 2F 1-1: Swinging Strike 1-2: Foul Ball, location: 2F 1-2: Strikes out looking
|
Bottom of the 1st over - 5 runs, 3 hits, 0 errors, 2 left on base; El Paso 0 - Gwinnett 5 |
TOP OF THE 2ND |
El Paso Chihuahuas batting - Pitching for Gwinnett Braves : RHP Chris Thompson
|
Batting: SHB Steve Killion
|
0-0: Ball 1-0: Called Strike 1-1: Foul Ball, location: 2F 1-2: Ground out U3 (Groundball, 3, EV 106.9 MPH)
|
Batting: SHB Devin Hottenstein
|
0-0: Ball 1-0: Foul Ball, location: 2F 1-1: Foul Ball, location: 2F 1-2: Foul Ball, location: 2F 1-2: Foul Ball, location: 2F 1-2: Strikes out swinging
|
Batting: LHB Luis Cruz
|
0-0: Ball 1-0: SINGLE (Groundball, 4MD, EV 101.2 MPH)
|
Batting: RHB Ben Zeiler
|
0-0: Called Strike 0-1: Ball 1-1: Ball 2-1: Ground out 5-3 (Groundball, 5L, EV 101.9 MPH)
|
Top of the 2nd over - 0 runs, 1 hit, 0 errors, 1 left on base; El Paso 0 - Gwinnett 5 |
BOTTOM OF THE 2ND |
Gwinnett Braves batting - Pitching for El Paso Chihuahuas : LHP Jon Zaragoza
|
Batting: RHB Francisco Hernandez
|
0-0: SINGLE (Groundball, 6D, EV 96.9 MPH)
|
Batting: RHB Ian Sousa
|
0-0: Ball 1-0: Foul Ball, location: 2F 1-1: Foul Ball, location: 2F 1-2: 2-RUN HOME RUN (Flyball, 9D, EV 99.4 MPH), Distance : 377 ft
|
Batting: RHB Jake Lang
|
0-0: Called Strike 0-1: Ball 1-1: Swinging Strike 1-2: Ground out 5-3 (Groundball, 56S, EV 82.5 MPH)
|
Batting: RHB Luis Revilla
|
0-0: Ball 1-0: Ball 2-0: Ball 3-0: Called Strike 3-1: Foul Ball, location: 2F 3-2: Strikes out swinging
|
Batting: RHB Jesse Lester
|
0-0: Called Strike 0-1: Fly out, F9 (Flyball, 9LM, EV 93.1 MPH)
|
Bottom of the 2nd over - 2 runs, 2 hits, 0 errors, 0 left on base; El Paso 0 - Gwinnett 7 |
TOP OF THE 3RD |
El Paso Chihuahuas batting - Pitching for Gwinnett Braves : RHP Chris Thompson
|
Batting: RHB Mark Cholagh
|
0-0: Fly out, F7 (Flyball, 7LS, EV 76.2 MPH)
|
Batting: RHB Mike Manchester
|
0-0: Fly out, F7 (Flyball, 78S, EV 90.6 MPH)
|
Batting: SHB Chris Haugen
|
0-0: Called Strike 0-1: Ball 1-1: Ball 2-1: Ground out 4-3 (Groundball, 4, EV 92.5 MPH)
|
Top of the 3rd over - 0 runs, 0 hits, 0 errors, 0 left on base; El Paso 0 - Gwinnett 7 |
BOTTOM OF THE 3RD |
Gwinnett Braves batting - Pitching for El Paso Chihuahuas : LHP Jon Zaragoza
|
Batting: RHB Alex Munoz
|
0-0: Ball 1-0: Ball 2-0: Ball 3-0: Called Strike 3-1: Foul Ball, location: 2F 3-2: Foul Ball, location: 2F 3-2: Ground out 6-3 (Groundball, 56D, EV 104.4 MPH)
|
Batting: SHB Tim Rodgers
|
0-0: Called Strike 0-1: Ball 1-1: Called Strike 1-2: Ball 2-2: Strikes out swinging
|
Batting: RHB T.J. Jordan
|
0-0: Ball 1-0: Swinging Strike 1-1: SINGLE (Popup, 4D, EV 74.4 MPH)
|
Batting: LHB Ricky Ayon
|
0-0: Called Strike 0-1: Called Strike 0-2: Ball 1-2: Ball 2-2: Ground out 5-3 (Groundball, 25, EV 86.2 MPH)
|
Bottom of the 3rd over - 0 runs, 1 hit, 0 errors, 1 left on base; El Paso 0 - Gwinnett 7 |
TOP OF THE 4TH |
El Paso Chihuahuas batting - Pitching for Gwinnett Braves : RHP Chris Thompson
|
Batting: RHB Ryan Flynn
|
0-0: Called Strike 0-1: SINGLE (Groundball, 6, EV 105.0 MPH)
|
Batting: LHB Ryan Flynn Jr.
|
0-0: Swinging Strike 0-1: Ball 1-1: Ball 2-1: Foul Ball, location: 2F 2-2: Foul Ball, location: 2F 2-2: Ball 3-2: Base on Balls Ryan Flynn to second
|
Batting: SHB Steve Killion
|
0-0: Ball 1-0: Ball 2-0: Called Strike 2-1: SINGLE (Groundball, 4M, EV 106.2 MPH) (infield hit) Ryan Flynn to third Ryan Flynn Jr. to second
|
Batting: SHB Devin Hottenstein
|
0-0: Called Strike 0-1: Ball 1-1: Ball 2-1: Foul Ball, location: 2F 2-2: Strikes out swinging
|
Batting: LHB Luis Cruz
|
0-0: Called Strike 0-1: Called Strike 0-2: Ball 1-2: SINGLE (Groundball, 4MS, EV 66.2 MPH) (infield hit) Ryan Flynn scores Ryan Flynn Jr. to third Steve Killion to second
|
Batting: RHB Ben Zeiler
|
0-0: Fly out, F8 (Flyball, 8RM, EV 88.8 MPH) Runner from 3rd tags up, OUT at HOME! 8-2
|
Top of the 4th over - 1 run, 3 hits, 0 errors, 2 left on base; El Paso 1 - Gwinnett 7 |
BOTTOM OF THE 4TH |
Gwinnett Braves batting - Pitching for El Paso Chihuahuas : LHP Jon Zaragoza
|
Batting: RHB Francisco Hernandez
|
0-0: Ball 1-0: Swinging Strike 1-1: Ball 2-1: Foul Ball, location: 2F 2-2: Foul Ball, location: 2F 2-2: Foul Ball, location: 2F 2-2: Ball 3-2: Foul Ball, location: 2F 3-2: Foul Ball, location: 2F 3-2: Base on Balls
|
Pitching: RHP Warren Swan
|
|
Batting: RHB Ian Sousa
|
0-0: Ball Francisco Hernandez steals 2nd base 1-0: Called Strike 1-1: Ball 2-1: Called Strike 2-2: Foul Ball, location: 2F 2-2: Strikes out looking
|
Batting: RHB Jake Lang
|
0-0: Ground out 5-3 (Groundball, 5, EV 80.6 MPH)
|
Batting: RHB Luis Revilla
|
0-0: Ground out 5-3 (Groundball, 5, EV 85.6 MPH)
|
Bottom of the 4th over - 0 runs, 0 hits, 0 errors, 1 left on base; El Paso 1 - Gwinnett 7 |
TOP OF THE 5TH |
El Paso Chihuahuas batting - Pitching for Gwinnett Braves : RHP Chris Thompson
|
Batting: RHB Mark Cholagh
|
0-0: Foul Ball, location: 2F 0-1: Called Strike 0-2: Fly out, F8 (Line Drive, 8RD, EV 91.9 MPH)
|
Batting: RHB Mike Manchester
|
0-0: Ball 1-0: SINGLE (Groundball, 6MD, EV 99.4 MPH)
|
Batting: SHB Chris Haugen
|
0-0: Called Strike 0-1: Called Strike Mike Manchester steals 2nd base 0-2: Foul Ball, location: 2F 0-2: Foul Ball, location: 2F 0-2: Foul Ball, location: 2F 0-2: Ball 1-2: Foul Ball, location: 2F 1-2: Ground out 3-1 (Groundball, 34, EV 86.2 MPH) Mike Manchester to third
|
Batting: RHB Ryan Flynn
|
0-0: Called Strike 0-1: SINGLE (Groundball, 34D, EV 96.9 MPH) Mike Manchester scores
|
Batting: LHB Ryan Flynn Jr.
|
0-0: Called Strike 0-1: Ball 1-1: SINGLE (Groundball, 34S, EV 63.8 MPH) (infield hit) Ryan Flynn to second
|
Batting: SHB Steve Killion
|
0-0: Called Strike 0-1: Ball 1-1: TRIPLE (Line Drive, 89XD, EV 105.0 MPH) Ryan Flynn scores Ryan Flynn Jr. scores
|
Batting: SHB Devin Hottenstein
|
0-0: Called Strike 0-1: Ball 1-1: Ground out 3-1 (Groundball, 34S, EV 76.9 MPH)
|
Top of the 5th over - 3 runs, 4 hits, 0 errors, 1 left on base; El Paso 4 - Gwinnett 7 |
BOTTOM OF THE 5TH |
Gwinnett Braves batting - Pitching for El Paso Chihuahuas : RHP Warren Swan
|
Batting: RHB Jesse Lester
|
0-0: Called Strike 0-1: Ground out 6-3 (Groundball, 6, EV 97.5 MPH)
|
Batting: RHB Alex Munoz
|
0-0: Called Strike 0-1: Fly out, F8 (Flyball, 89D, EV 98.8 MPH)
|
Batting: SHB Tim Rodgers
|
0-0: Ball 1-0: Called Strike 1-1: Ball 2-1: Ball 3-1: Ground out 4-3 (Groundball, 4, EV 106.9 MPH)
|
Bottom of the 5th over - 0 runs, 0 hits, 0 errors, 0 left on base; El Paso 4 - Gwinnett 7 |
TOP OF THE 6TH |
El Paso Chihuahuas batting - Pitching for Gwinnett Braves : RHP Chris Thompson
|
Batting: LHB Luis Cruz
|
0-0: Swinging Strike 0-1: Foul Ball, location: 2F 0-2: Ball 1-2: Foul Ball, location: 2F 1-2: Foul Ball, location: 2F 1-2: Strikes out swinging, 2-3 out at first.
|
Batting: RHB Ben Zeiler
|
0-0: Called Strike 0-1: Ball 1-1: Ball 2-1: Swinging Strike 2-2: Ball 3-2: Strikes out swinging, 2-3 out at first.
|
Batting: RHB Mark Cholagh
|
0-0: Foul Ball, location: 2F 0-1: Ball 1-1: Called Strike 1-2: Foul Ball, location: 2F 1-2: Ball 2-2: SINGLE (Line Drive, 8LS, EV 95.0 MPH)
|
Pitching: RHP Luis Alvarez
|
|
Batting: RHB Mike Manchester
|
0-0: Ball 1-0: Ball Mark Cholagh steals 2nd base 2-0: Called Strike 2-1: Fly out, F3 (Popup, 34, EV 71.9 MPH)
|
Top of the 6th over - 0 runs, 1 hit, 0 errors, 1 left on base; El Paso 4 - Gwinnett 7 |
BOTTOM OF THE 6TH |
Gwinnett Braves batting - Pitching for El Paso Chihuahuas : RHP Warren Swan
|
Batting: RHB T.J. Jordan
|
0-0: Called Strike 0-1: Ball 1-1: SINGLE (Groundball, 6MD, EV 99.4 MPH)
|
Batting: LHB Ricky Ayon
|
0-0: Foul Ball, location: 2F 0-1: Hit by Pitch T.J. Jordan to second
|
Batting: RHB Francisco Hernandez
|
0-0: Ball 1-0: Fielders Choice at 2nd, U6 (Groundball, P, EV 83.1 MPH) T.J. Jordan to third
|
Batting: RHB Ian Sousa
|
0-0: Ball 1-0: Called Strike 1-1: Swinging Strike 1-2: Strikes out swinging Francisco Hernandez steals 2nd base Batter strikes out.
|
Batting: RHB Jake Lang
|
0-0: Called Strike 0-1: Swinging Strike 0-2: Ball 1-2: Ball 2-2: Strikes out looking
|
Bottom of the 6th over - 0 runs, 1 hit, 0 errors, 2 left on base; El Paso 4 - Gwinnett 7 |
TOP OF THE 7TH |
El Paso Chihuahuas batting - Pitching for Gwinnett Braves : RHP Luis Alvarez
|
Batting: SHB Chris Haugen
|
0-0: Called Strike 0-1: Ball 1-1: Foul Ball, location: 2F 1-2: Strikes out swinging
|
Batting: RHB Ryan Flynn
|
0-0: Ball 1-0: Ball 2-0: Ball 3-0: Called Strike 3-1: Foul Ball, location: 2F 3-2: SINGLE (Groundball, 6MD, EV 107.5 MPH) (infield hit)
|
Batting: LHB Ryan Flynn Jr.
|
0-0: Ball Ryan Flynn steals 2nd base 1-0: Ball 2-0: Ball 3-0: Called Strike 3-1: Called Strike 3-2: Fly out, F4 (Flyball, 4MD, EV 73.1 MPH)
|
Batting: SHB Steve Killion
|
0-0: Foul Ball, location: 2F 0-1: Ground out 4-3 (Groundball, 4, EV 85.0 MPH)
|
Top of the 7th over - 0 runs, 1 hit, 0 errors, 1 left on base; El Paso 4 - Gwinnett 7 |
BOTTOM OF THE 7TH |
Gwinnett Braves batting - Pitching for El Paso Chihuahuas : RHP Warren Swan
|
Pitching: RHP Steve Dripps
|
|
Batting: RHB Luis Revilla
|
0-0: Ball 1-0: Ball 2-0: Called Strike 2-1: Ball 3-1: Foul Ball, location: 2F 3-2: Base on Balls
|
Batting: RHB Jesse Lester
|
0-0: Sac Bunt to 25 - play at first, batter safe! Luis Revilla to second
|
Batting: RHB Alex Munoz
|
0-0: Bunted foul 0-1: Bunt missed! 0-2: Ball 1-2: Grounds into double play, 6-4-3 (Groundball, 6, EV 86.9 MPH) Luis Revilla to third
|
Batting: SHB Tim Rodgers
|
0-0: Called Strike 0-1: Foul Ball, location: 2F 0-2: Ball 1-2: Ball 2-2: Strikes out swinging
|
Bottom of the 7th over - 0 runs, 1 hit, 0 errors, 1 left on base; El Paso 4 - Gwinnett 7 |
TOP OF THE 8TH |
El Paso Chihuahuas batting - Pitching for Gwinnett Braves : RHP Luis Alvarez
|
Batting: SHB Devin Hottenstein
|
0-0: Ball 1-0: Called Strike 1-1: Ball 2-1: SOLO HOME RUN (Line Drive, 89XD, EV 105.6 MPH), Distance : 399 ft
|
Batting: LHB Luis Cruz
|
0-0: Foul Ball, location: 2F 0-1: Ball 1-1: Ball 2-1: Fly out, F8 (Flyball, 78D, EV 90.0 MPH)
|
Batting: RHB Ben Zeiler
|
0-0: Foul Ball, location: 2F 0-1: Foul Ball, location: 2F 0-2: Ball 1-2: Strikes out swinging
|
Batting: RHB Mark Cholagh
|
0-0: Foul Ball, location: 2F 0-1: Ball 1-1: Fly out, F9 (Flyball, 89M, EV 89.4 MPH)
|
Top of the 8th over - 1 run, 1 hit, 0 errors, 0 left on base; El Paso 5 - Gwinnett 7 |
BOTTOM OF THE 8TH |
Gwinnett Braves batting - Pitching for El Paso Chihuahuas : RHP Steve Dripps
|
Batting: RHB T.J. Jordan
|
0-0: Swinging Strike 0-1: Ball 1-1: Foul Ball, location: 2F 1-2: SOLO HOME RUN (Flyball, 9D, EV 92.5 MPH), Distance : 362 ft
|
Batting: LHB Ricky Ayon
|
0-0: Ball 1-0: Foul Ball, location: 2F 1-1: Foul Ball, location: 2F 1-2: Ball 2-2: Foul Ball, location: 2F 2-2: SINGLE (Groundball, 4D, EV 105.0 MPH)
|
Batting: RHB Francisco Hernandez
|
0-0: Ball 1-0: Ball 2-0: Bunt missed! 2-1: Sac Bunt to P - play at first, batter OUT! 1-4 Ricky Ayon to second
|
Batting: RHB Ian Sousa
|
0-0: Called Strike 0-1: Called Strike 0-2: Foul Ball, location: 2F 0-2: Strikes out swinging
|
Batting: RHB Jake Lang
|
0-0: Called Strike 0-1: Ball 1-1: Fly out, F8 (Flyball, 8LM, EV 86.2 MPH)
|
Bottom of the 8th over - 1 run, 2 hits, 0 errors, 1 left on base; El Paso 5 - Gwinnett 8 |
TOP OF THE 9TH |
El Paso Chihuahuas batting - Pitching for Gwinnett Braves : RHP Luis Alvarez
|
Pitching: RHP Jeff Miller
|
|
Batting: RHB Mike Manchester
|
0-0: Ball 1-0: Ball 2-0: Called Strike 2-1: Foul Ball, location: 2F 2-2: Foul Ball, location: 2F 2-2: Strikes out looking
|
Batting: SHB Chris Haugen
|
0-0: Swinging Strike 0-1: Called Strike 0-2: Ball 1-2: Ball 2-2: Strikes out swinging
|
Batting: RHB Ryan Flynn
|
0-0: Ball 1-0: Ground out 6-3 (Groundball, 6, EV 86.9 MPH)
|
Top of the 9th over - 0 runs, 0 hits, 0 errors, 0 left on base; El Paso 5 - Gwinnett 8 |
|